 Dungeon Crawl Stone Soup version 0.26.1-11-gd32895ea62 (webtiles) character file.

Game seed: 6931632880503654162

54 Revguard the Ruffian (level 3, -5/31 HPs)
             Began as an Ogre Transmuter on May 12, 2021.
             Slain by an ogre
             ... wielding a +0 giant club
              (14 damage)
             ... on level 2 of the Dungeon.
             The game lasted 00:04:46 (2023 turns).

Revguard the Ruffian (Ogre Transmuter)              Turns: 2023, Time: 00:04:47

Health: -5/31      AC:  3    Str: 14    XL:     3   Next: 91%
Magic:  5/7        EV: 10    Int: 15    God:
Gold:   107        SH:  0    Dex:  9    Spells: 4/7 levels left

rFire    . . .     SeeInvis .     - Unarmed
rCold    . . .     Faith    .   (no shield)
rNeg     . . .     Spirit   .   a - +0 robe
rPois    .         Reflect  .   (helmet currently unavailable)
rElec    .         Harm     .   (no cloak)
rCorr    +         Rampage  .   (gloves unavailable)
Will     .....                  (boots unavailable)
Stlth    +.........             (no amulet)
HPRegen  0.10/turn              c - ring of resist corrosion
MPRegen  0.10/turn              (no ring)

@: appendages, very slightly contaminated, hasted, very quick
A: large, unfitting armour, horns 2, talons 2, frail 1, mutation resistance 1,
tough skin 1
a: End Transformation


You were on level 2 of the Dungeon.
You had grown temporary horns.
You had grown temporary talons.
You visited 1 branch of the dungeon, and saw 2 of its levels.

You collected 107 gold pieces.

Inventory:

Armour
 a - a +0 robe (worn)
Jewellery
 c - a ring of resist corrosion (left hand)
Scrolls
 e - a scroll of amnesia {unknown}


   Skills:
 + Level 1.9 Fighting
 + Level 0.6 Armour
 + Level 2.3 Dodging
 + Level 3.2 Unarmed Combat
 + Level 2.8 Spellcasting
 + Level 2.1 Transmutations


You had 4 spell levels left.
You knew the following spells:

 Your Spells              Type           Power        Failure   Level
a - Beastly Appendage     Tmut           16%          9%          1
b - Wereblood             Tmut           8%           13%         2

Your spell library contained the following spells:

 Spells                   Type           Power        Failure   Level
 Spider Form              Tmut/Pois      2%           36%         3
 Ice Form                 Ice/Tmut       5%           78%         4
 Blade Hands              Tmut           4%           93%         5


Dungeon Overview and Level Annotations

Branches:
Dungeon (2/15)

Altars:
The Shining One


Innate Abilities, Weirdness & Mutations

You are too large for most types of armour.
You have tough skin. (AC +1)
You have a pair of horns on your head.
You have razor-sharp toenails.
You are frail. (-10% HP)
You are somewhat resistant to further mutation.


Message History

Confirm with . or Enter, or press ? or * to list all spells.
You miscast Beastly Appendage.
You are very lightly contaminated with residual magic.
Nothing appears to happen.
Casting: Beastly Appendage (safe; 9% risk of failure)
Confirm with . or Enter, or press ? or * to list all spells.
You grow a pair of large bovine horns.
Your feet morph into talons.
You barely miss the ogre. The ogre closely misses you.
You hit the ogre.
The ogre is lightly wounded.
The ogre hits you with a +0 giant club!
You hit the ogre.
The ogre is moderately wounded.
The ogre hits you with a +0 giant club!
* * * LOW HITPOINT WARNING * * *
You hit the ogre. Your kick misses the ogre. Your headbutt misses the ogre.
The ogre is moderately wounded.
It was a potion of haste.
You feel yourself speed up. The ogre hits you with a +0 giant club!
You die...

.'................. ,*
.##.##.####.##.#######
.....................#
.##.##.####.......##.#
.##.##.######..##.# #
....##.........##.##.#####
.#############............
* .##.### #####.##.#####*
......#*** #...@O# #
....... .........>#,
.##.#.# *###..$......# ...
#.####.##.# ###.# ** #, *
#.# .# * .. , #.# # ,.. ,
..( * , # , , .. ≈


You could see an ogre.

Vanquished Creatures
  2 adders (D:2)
  2 worms (D:2)
  2 leopard geckos (D:1)
  A ball python (D:1)
  3 goblins (D:1)
  A hobgoblin (D:1)
  3 jackals (D:1)
  4 kobolds
  3 bats
  3 frilled lizards
  8 rats
32 creatures vanquished.

Notes
Turn   | Place    | Note
-------+----------+-------------------------------------------
     0 | D:1      | Revguard the Ogre Transmuter began the quest for the Orb.
     0 | D:1      | Reached XP level 1. HP: 19/19 MP: 3/3
   351 | D:1      | Found a glowing golden altar of the Shining One.
   407 | D:1      | Reached skill level 3 in Unarmed Combat
   458 | D:1      | Reached XP level 2. HP: 21/27 MP: 3/5
   562 | D:1      | Learned a level 2 spell: Wereblood
   754 | D:1      | Reached XP level 3. HP: 18/33 MP: 6/6
  2006 | D:2      | Gained mutation: Your spells are a little harder to cast,
                  | but a little more powerful. [potion of mutation]
  2006 | D:2      | Gained mutation: You passively map a small area around you.
                  | [potion of mutation]
  2007 | D:2      | Lost mutation: You passively map a small area around you.
                  | [potion of mutation]
  2007 | D:2      | Lost mutation: Your spells are a little harder to cast, but
                  | a little more powerful. [potion of mutation]
  2007 | D:2      | Gained mutation: You are frail. (-10% HP) [potion of
                  | mutation]
  2007 | D:2      | Gained mutation: You are somewhat resistant to further
                  | mutation. [potion of mutation]
  2016 | D:2      | Noticed an ogre
  2023 | D:2      | Slain by an ogre

Illustrated notes

Levels and vault maps discovered:
D:1:      psy_arrival_terrarium, layout_loops_ring, nrook_campfire,
          minmay_misc_feat_rows, tso_metal_star
D:2:      cheibrodos_helix_gallery, layout_basic,
          gammafunk_temple_overflow_statue, grunt_ministairs_13,
          chequers_serial_rivers_large_a

Skill      XL: |  1  2 |
---------------+-------+-----
Unarmed Combat | 3 |  3.2
Dodging        | 2 |  2.3
Transmutations | 2 |  2.1
Fighting       | |  1.9
Armour         | |  0.6
Spellcasting   | |  2.8

Action                   || total
-------------------------++-------
Melee: Unarmed           ||   125
       Kick              ||    14
       Headbutt          ||     9
       Punch             ||     1
 Cast: Beastly Appendage ||    20
  Use: Potion            ||     5
       Scroll            ||     4
Armor: Robe              ||    38
Dodge: Dodged            ||    90
